AoeStats
← 只会打步弓

Arabian Desert

510064670Analyzed
1v1 RM · 2d ago on Sep 29, 2026· 34m 2s· 2 players
Game mode
Random Map
Map size
Tiny (2 player)
Population
200
Speed
Normal
Resources
Standard
Victory
Conquest
Starting age
Dark Age
Ending age
Imperial Age
RankedLock teamsTeams togetherTeam positionsShared explorationLock speedFull tech treeHidden civsTurbo modeCheats
Victory
Defeat
🇫🇷 Lithuanians · France
1831
+20
🇨🇳 Mapuche · China
1924
-20
Defonceur2Well67
6:05 Loom
8:52 Feudal Age
9:43 Man-at-Arms
14:49 Double-Bit Axe
17:53 Fletching
18:18 Scale Mail Armor
21:29 Forging
22:09 Horse Collar
26:00 Bloodlines
27:37 Wheelbarrow
32:52 Castle Age
32:55 Crossbowman
32:58 Elite Skirmisher
33:34 Bodkin Arrow
33:18 Light Cavalry
33:58 Husbandry
34:49 Ballistics
只会打步弓
7:00 Loom
9:10 Feudal Age
9:24 Champi Runner
11:55 Double-Bit Axe
14:58 Fletching
16:37 Padded Archer Armor
25:46 Castle Age
24:56 Horse Collar
25:41 Gold Mining
26:37 Bodkin Arrow
27:17 Leather Archer Armor
29:12 Gold Shaft Mining
28:48 Bow Saw
31:45 Heavy Plow
32:12 Ballistics
33:31 Wheelbarrow
Connection lost

Rejoining the realm…

Still unreachable

The connection could not be restored.

Session expired

The server has moved on; the page needs a fresh start.